 Dungeon Crawl Stone Soup version 0.18.1-8-gdd0e5ea (webtiles) character file.

22637 protoss039 the Severer (level 12, -2/110 HPs)
             Began as a Minotaur Berserker on June 10, 2016.
             Was a High Priest of Trog.
             Slain by a cyan ugly thing (16 damage)
             ... on level 14 of the Dungeon.
             The game lasted 00:44:15 (14621 turns).

protoss039 the Severer (Minotaur Berserker)        Turns: 14621, Time: 00:44:17

Health: -2/110     AC: 27    Str: 35    XL:     12   Next: 64%
Magic:  11/11      EV: 10    Int:  4    God:    Trog [*****.]
Gold:   731        SH:  4    Dex: 10    Spells: 0 memorised, 11 levels left

rFire  . . .     SeeInvis .     a - +0 hand axe
rCold  x . .     Gourm    .     x - +0 plate armour
rNeg   . . .     Faith    .     o - +0 buckler {AC+3}
rPois  .         Spirit   .     e - +2 hat
rElec  .         Dismiss  .     m - +2 cloak
rCorr  .         Reflect  .     (no gloves)
SustAt .         Harm     .     l - +0 pair of boots
MR     .....     Rnd*Tele +     (no amulet)
Stlth  ..........               J - ring of Fisiheh {*Tele Str+2 Slay+5}
                                K - ring "Hoibaump" {Wiz +Fly rC- Str+6}

@: not resistant to hostile enchantments, extremely unstealthy
A: retaliatory headbutt, horns 2, wild magic 1
a: Berserk, Trog's Hand, Brothers in Arms, Burn Spellbooks, Renounce Religion,
Evoke Flight


You were on level 14 of the Dungeon.
You worshipped Trog.
Trog was extremely pleased with you.
You were not hungry.

You visited 1 branch of the dungeon, and saw 14 of its levels.

You collected 880 gold pieces.
You spent 149 gold pieces at shops.

Inventory:

Hand Weapons
 a - a +0 hand axe (weapon)
Missiles
 h - 8 curare-tipped needles
 k - 45 poisoned needles (quivered)
Armour
 e - a +2 hat (worn)
 l - a +0 pair of boots (worn)
 m - a +2 cloak (worn)
 o - a +0 buckler of protection (worn)
 x - a +0 plate armour (worn)
Jewellery
 b - an uncursed ring of protection from fire
 A - an uncursed ring of see invisible
 J - the ring of Fisiheh (right hand) {*Tele Str+2 Slay+5}
   (You found it on level 12 of the Dungeon)

   [ring of teleportation]

   It may teleport you next to monsters.
   It affects your strength (+2).
   It affects your accuracy and damage with ranged weapons and melee attacks
   (+5).
 K - the ring "Hoibaump" (left hand) {Wiz +Fly rC- Str+6}
   (You found it on level 13 of the Dungeon)

   [ring of wizardry]

   It improves your spell success rate.
   It affects your strength (+6).
   It makes you vulnerable to cold.
   It lets you fly.
Wands
 n - a wand of disintegration (9/24)
 y - a wand of flame (15/48)
 H - a wand of acid (7/15)
 L - a wand of heal wounds (4/9)
 O - a wand of teleportation (4/9)
Scrolls
 d - 4 scrolls of remove curse
 g - 2 scrolls of fog
 p - 3 scrolls of blinking
 s - 2 scrolls of enchant armour
 t - a scroll of recharging
 w - 2 scrolls of identify
 B - 3 scrolls of teleportation
 M - a scroll of vulnerability {unknown}
Potions
 i - a potion of cancellation
 j - 3 potions of curing
 q - 3 potions of ambrosia
 u - a potion of haste
 v - 3 potions of lignification
 z - a potion of berserk rage
 G - a potion of agility
 P - a potion of resistance
Books
 F - a book of Flames

   Spells                             Type                      Level
   a - Flame Tongue                   Conjuration/Fire             1
   b - Throw Flame                    Conjuration/Fire             2
   c - Conjure Flame                  Conjuration/Fire             3
   d - Inner Flame                    Hexes/Fire                   3
   e - Sticky Flame                   Conjuration/Fire             4
   f - Fireball                       Conjuration/Fire             5
   Trog disapproves of the use of such an item.
Miscellaneous
 I - a plain deck of summoning {drawn: 4}
Comestibles
 c - 11 bread rations
 f - 7 meat rations
 r - 3 beef jerkies
 C - 2 slices of pizza
 D - 4 fruits
 E - 2 royal jellies
 N - 16 chunks of flesh


   Skills:
 + Level 11.0 Fighting
 * Level 15.7 Axes
 - Level 1.2 Throwing
 * Level 15.1 Armour
 - Level 3.0 Dodging
 + Level 4.7 Shields
 + Level 0.1 Evocations


You had 11 spell levels left.
You didn't know any spells.

Dungeon Overview and Level Annotations

Branches:
Dungeon (14/15)            Temple (0/1) D:5            Lair (0/8) D:10
    Orc (0/2) D:9
 Vaults: D:13-14

Altars:
Dithmenos
Elyvilon
Nemelex Xobeh
Pakellas
Qazlal
Sif Muna
Xom
The Shining One

Shops:
D:4 [   D:5 *(   D:9 *[


Innate Abilities, Weirdness & Mutations

You reflexively headbutt those who attack you in melee.
You have a pair of horns on your head.
Your spells are a little harder to cast, but a little more powerful.


Message History

You hit the cyan ugly thing.
Your headbutt misses the cyan ugly thing.
The cyan ugly thing is severely wounded.
You slash the cyan ugly thing!
The cyan ugly thing is heavily wounded.
The cyan ugly thing engulfs you.
* * * LOW HITPOINT WARNING * * *
The cyan ugly thing shocks you!
* * * LOW HITPOINT WARNING * * *
You are too injured to fight recklessly!
Unknown command.
Unknown command.
Unknown command.
Drink which item? (? for menu, Esc to quit)
You feel better.
The cyan ugly thing basks in the mutagenic energy from its kin and changes!
The cyan ugly thing engulfs you.
* * * LOW HITPOINT WARNING * * *
The cyan ugly thing shocks you!
You die...

#### (... #...
######..#
........#######
...............
.......<.......
#######.#######
#@# #uu......
.........
########..


You could see 2 ugly things.

Vanquished Creatures
  A hydra (D:11)
  A centaur warrior (D:13)
  A tengu warrior (D:13)
  An unseen horror (D:12)
  2 hill giants
  2 deep elf magi
  Pikel (D:9)
  2 cyclopes (D:13)
  4 ugly things
  A manticore (D:11)
  A centaur zombie (D:13)
  Maurice (D:8)
  2 gargoyles (D:13)
  A komodo dragon (D:13)
  A merfolk (D:10)
  7 trolls
  2 two-headed ogres
  3 slime creatures (D:13)
  9 yaks
  A spriggan (D:10)
  2 wyverns
  2 hungry ghosts
  3 vampire mosquitoes (D:12)
  6 hippogriffs
  2 water moccasins (D:12)
  Duvessa (D:7)
  3 sky beasts
  2 black bears (D:13)
  3 orc warriors
  4 slaves (D:9)
  A wasp (D:11)
  2 phantoms
  5 ogres
  4 ice beasts
  3 necrophages
  12 centaurs
  2 crocodiles
  2 big kobolds
  3 giant frogs
  2 wyvern skeletons
  Dowan (D:7)
  6 killer bees (D:7)
  7 scorpions
  7 wights (D:6)
  2 howler monkeys
  2 electric eels (D:10)
  8 crimson imps
  A giant frog zombie (D:8)
  2 quasits
  4 hounds
  4 centaur skeletons
  6 orc priests
  5 orc wizards
  7 iguanas
  14 worker ants
  2 killer bee zombies
  A hound zombie (D:6)
  3 hound skeletons
  19 adders
  11 gnolls
  3 shadow imps
  An ooze (D:1)
  2 adder zombies (D:5)
  3 worms
  A dart slug (D:4)
  10 giant geckos
  35 orcs
  2 giant cockroaches
  8 goblins
  9 hobgoblins
  5 jackals
  15 kobolds
  2 quokkas
  2 ball pythons
  15 bats
  A giant gecko skeleton (D:5)
  A giant gecko zombie (D:5)
  6 giant newts
  2 quokka skeletons
  2 quokka zombies
  10 rats
355 creatures vanquished.

Vanquished Creatures (collateral kills)
  4 trolls (D:10)
4 creatures vanquished.

Vanquished Creatures (others)
  A deep elf knight (D:12)
  A gnoll (D:11)
2 creatures vanquished.

Grand Total: 361 creatures vanquished

Notes
Turn   | Place    | Note
--------------------------------------------------------------
     0 | D:1      | protoss039 the Minotaur Berserker began the quest for the Orb.
     0 | D:1      | Reached XP level 1. HP: 19/19 MP: 0/0
    52 | D:1      | Reached XP level 2. HP: 21/27 MP: 1/1
   414 | D:1      | Reached ** piety under Trog
   526 | D:1      | Reached XP level 3. HP: 29/34 MP: 2/2
  1368 | D:2      | Reached XP level 4. HP: 31/41 MP: 3/3
  1434 | D:2      | Found a glowing golden altar of the Shining One.
  1629 | D:3      | Reached *** piety under Trog
  1695 | D:3      | Reached skill level 1 in Throwing
  2122 | D:3      | Reached skill level 5 in Axes
  2131 | D:3      | Reached XP level 5. HP: 36/47 MP: 4/4
  2980 | D:4      | Reached skill level 5 in Fighting
  3096 | D:4      | Reached XP level 6. HP: 40/56 MP: 5/5
  3455 | D:4      | Reached **** piety under Trog
  3513 | D:4      | Received a gift from Trog
  3783 | D:4      | Found Giogrum's Antique Armour Shoppe.
  3807 | D:4      | Reached XP level 7. HP: 24/63 MP: 6/6
  3808 | D:4      | Reached skill level 5 in Armour
  4330 | D:5      | Entered Level 5 of the Dungeon
  4438 | D:5      | Found Lilesar's General Store.
  4612 | D:5      | Gained mutation: Your body sometimes deteriorates upon taking damage. [mutagenic meat]
  4613 | D:5      | Gained mutation: You are clumsy. (Dex -2) [mutagenic meat]
  4615 | D:5      | Gained mutation: Your magical capacity is low (-10% MP). [mutagenic meat]
  4616 | D:5      | Gained mutation: Scrolls take you a little longer to read. [mutagenic meat]
  4635 | D:5      | Found a staircase to the Ecumenical Temple.
  4675 | D:5      | Reached XP level 8. HP: 53/71 MP: 6/6
  4694 | D:5      | Found Fix Hivy's Weapon Shoppe.
  4715 | D:5      | Found a white marble altar of Elyvilon.
  4716 | D:5      | Found an oddly glowing altar of Pakellas.
  4723 | D:5      | Found a shadowy altar of Dithmenos.
  5360 | D:6      | Found a stormy altar of Qazlal.
  5361 | D:6      | Found a shimmering altar of Xom.
  5801 | D:7      | Noticed Duvessa
  5801 | D:7      | Noticed Dowan
  5812 | D:7      | Killed Dowan
  5820 | D:7      | Killed Duvessa
  5820 | D:7      | Reached skill level 1 in Shields
  5820 | D:7      | Reached XP level 9. HP: 47/80 MP: 7/7
  6137 | D:7      | Reached skill level 10 in Axes
  6366 | D:7      | Found a deep blue altar of Sif Muna.
  6556 | D:7      | Found a sparkling altar of Nemelex Xobeh.
  7418 | D:8      | Noticed Maurice
  8298 | D:8      | Killed Maurice
  8298 | D:8      | Reached skill level 10 in Armour
  8565 | D:9      | Found a staircase to the Orcish Mines.
  8565 | D:9      | Found Xeotzafe's Armour Boutique.
  8576 | D:9      | Reached ***** piety under Trog
  8593 | D:9      | Reached XP level 10. HP: 30/90 MP: 8/8
  8977 | D:9      | Identified Pauwn's Almanac of Ghastly Execration
  9029 | D:9      | Gained mutation: You possess an exceptional clarity of mind. [potion of mutation]
  9029 | D:9      | Gained mutation: Your flesh is cold resistant. [potion of mutation]
  9029 | D:9      | Lost mutation: You possess an exceptional clarity of mind. [potion of mutation]
  9034 | D:9      | Noticed a brown ugly thing
  9048 | D:9      | Killed a brown ugly thing
  9062 | D:9      | Lost mutation: Your flesh is cold resistant. [mutagenic meat]
  9063 | D:9      | Gained mutation: Your spells are a little harder to cast, but a little more powerful. [mutagenic meat]
  9065 | D:9      | Gained mutation: You are somewhat resistant to further mutation. [mutagenic meat]
  9089 | D:9      | Noticed Pikel
  9126 | D:9      | Killed Pikel
  9450 | D:9      | Found Foofot's General Store.
  9521 | D:9      | Bought a scroll of enchant armour for 97 gold pieces
  9521 | D:9      | Bought 2 scrolls of identify for 52 gold pieces
  9595 | D:10     | Entered Level 10 of the Dungeon
  9690 | D:10     | Found a staircase to the Lair.
  9894 | D:10     | Noticed a deep elf mage
  9904 | D:10     | Killed a deep elf mage
 10117 | D:10     | Gained mutation: You possess an exceptional clarity of mind. [potion of mutation]
 10276 | D:10     | Found a runed door.
 10281 | D:10     | Found a runed door.
 10295 | D:10     | Received a gift from Trog
 10583 | D:10     | Reached XP level 11. HP: 72/97 MP: 8/8
 11050 | D:11     | Noticed a hill giant
 11064 | D:11     | Killed a hill giant
 11614 | D:11     | Noticed a six-headed hydra
 11644 | D:11     | Killed a 13-headed hydra
 12577 | D:12     | Reached skill level 10 in Fighting
 12771 | D:12     | Got a shimmering jade ring
 12774 | D:12     | Identified the ring of Fisiheh {*Tele Str+2 Slay+5} (You found it on level 12 of the Dungeon)
 12837 | D:12     | Noticed a deep elf mage
 12870 | D:12     | Killed a deep elf mage
 13069 | D:12     | Found an oddly glowing altar of Pakellas.
 13070 | D:12     | Noticed a deep elf knight
 13075 | D:12     | Killed a deep elf knight
 13116 | D:12     | Noticed an unseen horror
 13124 | D:12     | Killed an unseen horror
 13241 | D:13     | Noticed a centaur warrior
 13248 | D:13     | Killed a centaur warrior
 13248 | D:13     | Reached XP level 12. HP: 89/106 MP: 8/9
 13439 | D:13     | Got a bound jade ring
 13453 | D:13     | Noticed a tengu warrior
 13469 | D:13     | Killed a tengu warrior
 13835 | D:13     | Reached skill level 15 in Axes
 14006 | D:13     | Found a shimmering altar of Xom.
 14034 | D:13     | Received a gift from Trog
 14174 | D:13     | Identified the ring "Hoibaump" {Wiz +Fly rC- Str+6} (You found it on level 13 of the Dungeon)
 14199 | D:13     | Lost mutation: You are clumsy. (Dex -2) [potion of cure mutation]
 14199 | D:13     | Lost mutation: You are somewhat resistant to further mutation. [potion of cure mutation]
 14199 | D:13     | Lost mutation: Your body sometimes deteriorates upon taking damage. [potion of cure mutation]
 14199 | D:13     | Lost mutation: Scrolls take you a little longer to read. [potion of cure mutation]
 14199 | D:13     | Lost mutation: Your magical capacity is low (-10% MP). [potion of cure mutation]
 14199 | D:13     | Lost mutation: You possess an exceptional clarity of mind. [potion of cure mutation]
 14569 | D:13     | Reached skill level 15 in Armour
 14621 | D:14     | Slain by a cyan ugly thing

Skill      XL: |  1  2  3  4  5  6  7  8  9 10 11 12 |
---------------+-------------------------------------+-----
Fighting       | 4 5 6 7 8 9 10 11 | 11.0
Axes           | 4 5 6 7 9 11 12 14 15 | 15.7
Dodging        | 3 |  3.0
Throwing       | 1 |  1.2
Armour         | 3 4 6 8 10 12 14 15 | 15.1
Shields        | 1 2 3 4 |  4.7
Evocations     | |  0.1

Action                   |  1- 3 |  4- 6 |  7- 9 | 10-12 || total
-------------------------+-------+-------+-------+-------++-------
Melee: Hand axe          |    84 |   176 |   446 |   765 ||  1471
       Headbutt          |    12 |    30 |    86 |   155 ||   283
Invok: Berserk           |       |       |     2 |     4 ||     6
       Burn Spellbooks   |       |       |       |     1 ||     1
       Brothers in Arms  |       |       |       |     1 ||     1
Evoke: Deck              |       |       |       |     4 ||     4
  Use: Potion            |       |     9 |     3 |    10 ||    22
       Scroll            |       |     7 |     2 |     8 ||    17
  Eat: Chunk             |     1 |     9 |    21 |    36 ||    67
       Pizza             |       |       |     1 |       ||     1
       Fruit             |       |       |       |     2 ||     2
       Meat ration       |       |       |       |     1 ||     1
Armor: Animal skin       |    11 |     8 |       |       ||    19
       Ring mail         |       |    25 |    12 |       ||    37
       Scale mail        |       |       |   212 |    10 ||   222
       Plate armour      |       |       |       |   564 ||   564
Dodge: Dodged            |    62 |   124 |   213 |   255 ||   654
Block: Buckler           |       |       |    45 |   109 ||   154
